 Dungeon Crawl Stone Soup version 0.29.0-11-gd7f09526c8 (webtiles) character file.

Game seed: 18108773760152984456

889 LabCoat the Cleaver (level 8, -5/68 HPs)
             Began as a Hill Orc Fighter on Sept 6, 2022.
             Was an Initiate of Trog.
             Slain by Pikel the culicivora (17 damage)
             ... on level 4 of the Dungeon.
             The game lasted 00:12:44 (5948 turns).

LabCoat the Cleaver (Hill Orc Fighter)              Turns: 5948, Time: 00:12:45

Health: -5/68      AC:  8    Str: 21    XL:     8   Next: 6%
Magic:  8/8        EV:  9    Int:  8    God:    Trog [......]
Gold:   106        SH:  4    Dex: 10    Spells: 7/7 levels left

rFire   . . .      SeeInvis .   a - +0 war axe
rCold   + . .      Faith    .   c - +0 buckler
rNeg    . . .      Spirit   .   b - +0 scale mail
rPois   .          Reflect  .   (no helmet)
rElec   .          Harm     .   (no cloak)
rCorr   .          Rampage  .   (no gloves)
Will    +....                   w - +0 pair of boots
Stlth   ..........              (no amulet)
HPRegen 0.21/turn               i - ring of willpower
MPRegen 0.11/turn               o - ring of protection from cold

@: mighty
A: no striking features
a: Renounce Religion


You were on level 4 of the Dungeon.
You worshipped Trog.
Trog was noncommittal.
You visited 2 branches of the dungeon, and saw 7 of its levels.

You collected 164 gold pieces.
You spent 58 gold pieces at shops.

Inventory:

Hand Weapons
 a - a +0 war axe (weapon)
 t - a +1 flail of protection
Missiles
 f - 3 boomerangs (quivered)
 p - 2 throwing nets
 y - 3 poisoned darts
Armour
 b - a +0 scale mail (worn)
 c - a +0 buckler (worn)
 w - a +0 pair of boots (worn)
Jewellery
 i - a ring of willpower (left hand)
 n - a ring of flight
 o - a ring of protection from cold (right hand)
Wands
 k - a wand of polymorph (5)
Scrolls
 m - 2 scrolls of poison
 q - a scroll of blinking
 v - a scroll of amnesia {unknown}
 x - a scroll of noise {unknown}
 z - a scroll of enchant armour {unknown}
 B - a scroll of teleportation {unknown}
Potions
 d - 2 potions of might
 e - a potion of haste
 g - 2 potions of invisibility
 h - a potion of resistance {unknown}
 j - 2 potions of heal wounds
 l - a potion of magic
 r - a potion of ambrosia
 s - a potion of cancellation {unknown}
 u - 2 potions of curing
 A - a potion of degeneration {unknown}


   Skills:
 + Level 5.0 Fighting
 * Level 8.5 Axes
 + Level 2.3 Throwing
 + Level 5.3 Armour
 + Level 1.3 Dodging
 + Level 3.9 Shields


You had 7 spell levels left.
You didn't know any spells.
Your spell library contained the following spells:

 Spells                   Type           Power      Damage    Failure   Level
 Gell's Gravitas          Tloc           0%         N/A       99%         3
 Lesser Beckoning         Tloc           0%         N/A       99%         3
 Teleport Other           Tloc           0%         N/A       99%         3


Dungeon Overview and Level Annotations

Branches:
Dungeon (6/15)             Temple (1/1) D:5

Altars:
Ashenzari
Cheibriados
Dithmenos
Fedhas
Gozag
Hepliaklqana
Kikubaaqudgha
Makhleb
Nemelex Xobeh
Okawaru
Qazlal
Ru
Sif Muna
Trog
Xom
Zin
The Shining One

Shops:
D:5 [

Annotations:
D:4 2 transporters, Mandevil's ghost, amateur DrWn; Pikel


Message History

Throw: 3 boomerangs
Press: ? - help, Q - select action, (/) - cycle Shift-Dir - straight line, f - Pikel
Aim: Pikel, wielding a +0 whip of freezing, wearing a +1 robe of cold resistance and carrying a wand of mindburst (6) (51% to hit)
You throw a boomerang. The lemure shouts!
The boomerang hits Pikel but does no damage.
You hear a shout!
Aiming: Polymorph
Press: ? - help, Shift-Dir - straight line, f/p - Pikel
Aim: Pikel, wielding a +0 whip of freezing, wearing a +1 robe of cold resistance and carrying a wand of mindburst (6) (will become a warg, a culicivora, or a scorpion, chance to affect: 49%) Pikel evaporates and reforms as a culicivora!
A lemure comes into view.
You barely miss Pikel.
A lemure comes into view.
Pikel barely misses you.
You hit Pikel.
Pikel is lightly wounded.
You block Pikel's attack. Pikel misses you.
You slash Pikel!
Pikel is moderately wounded.
Pikel bites you!
Pikel draws strength from your injuries!
You hit Pikel.
Pikel is lightly wounded.
You barely miss the lemure. Pikel closely misses you. The lemure hits you.
Pikel bites you.
Pikel draws strength from your injuries!
The lemure closely misses you. Pikel bites you but does no damage.
You climb upwards.
Level annotation: 2 transporters, Mandevil's ghost, amateur DrWn
There is a stone staircase leading down here.
You miss Pikel. You hit the lemure. Pikel bites you!
Pikel draws strength from your injuries!
The lemure hits you. Pikel bites you!!
* * * LOW HITPOINT WARNING * * *
Pikel draws strength from your injuries!
The lemure barely misses you.
You feel very mighty all of a sudden. Pikel bites you!
You die...

#######..##########
#..................
##.################
#................#
#..#######.#...#.#
#..# #.#...#.# #..#
###'#...#'# #.5#
#.......... #@s#
#.......... #..#
#..........
#..#####).........
#......†..........
#.######..........
#.# #.......... #.#
#########'#
#.##############.#
#................#


You could see Pikel the culicivora and a lemure.

Vanquished Creatures
  Grinder (D:5)
  Edmund (D:5)
  A chaos spawn (D:5)
  A water moccasin (D:5)
  An ice beast (D:5)
  A centaur (D:5)
  A phantom (D:5)
  A howler monkey (D:5)
  A jelly (D:5)
  4 gnolls (D:2)
  4 adders
  A white imp (D:5)
  An ufetubus (D:6)
  A worm (D:4)
  2 dart slugs
  6 ball pythons
  2 bats
  7 endoplasms
  2 giant cockroaches (D:3)
  6 goblins
  5 hobgoblins
  16 jackals
  5 quokkas
  A frilled lizard (D:3)
  4 kobolds
  3 rats
79 creatures vanquished.

Vanquished Creatures (others)
  14 plants (D:6)
14 creatures vanquished.

Grand Total: 93 creatures vanquished

Notes
Turn   | Place    | Note
-------+----------+-------------------------------------------
     0 | D:1      | LabCoat the Hill Orc Fighter began the quest for the Orb.
     0 | D:1      | Reached XP level 1. HP: 19/19 MP: 1/1
   204 | D:1      | Reached XP level 2. HP: 27/27 MP: 2/2
   231 | D:1      | Reached skill level 3 in Axes
   915 | D:1      | Reached XP level 3. HP: 28/33 MP: 3/3
  1557 | D:2      | Found a faded altar of an unknown god.
  1859 | D:2      | Reached skill level 4 in Axes
  1859 | D:2      | Reached XP level 4. HP: 3/40 MP: 4/4
  1860 | D:2      | HP: 2/40 [gnoll/+0 spear (1)]
  2517 | D:3      | Reached skill level 5 in Axes
  2647 | D:3      | Reached XP level 5. HP: 46/46 MP: 5/5
  2655 | D:3      | Found an opulent altar of Gozag.
  2656 | D:3      | Found a burning altar of Makhleb.
  2657 | D:3      | Found a shimmering blue altar of Sif Muna.
  2658 | D:3      | Found a stormy altar of Qazlal.
  2793 | D:3      | You fall into a shaft and drop 2 floors!
  2793 | D:5      | Entered Level 5 of the Dungeon
  2806 | D:5      | Noticed a water moccasin
  2825 | D:5      | Killed a water moccasin
  2826 | D:5      | Reached skill level 6 in Axes
  2970 | D:5      | Noticed Grinder
  2981 | D:5      | Paralysed by Grinder for 2 turns
  3000 | D:5      | Killed Grinder
  3001 | D:5      | Reached skill level 7 in Axes
  3001 | D:5      | Reached skill level 1 in Throwing
  3001 | D:5      | Reached XP level 6. HP: 17/53 MP: 6/6
  3226 | D:5      | Reached XP level 7. HP: 60/60 MP: 7/7
  3250 | D:5      | Reached skill level 1 in Dodging
  3472 | D:5      | Reached skill level 5 in Armour
  3536 | D:5      | Reached skill level 8 in Axes
  3694 | D:5      | Found a snail-covered altar of Cheibriados.
  3723 | D:5      | Noticed Edmund
  3736 | D:5      | Killed Edmund
  4053 | D:5      | Found a staircase to the Ecumenical Temple.
  4081 | D:6      | Found a shimmering altar of Xom.
  4217 | Temple   | Entered the Ecumenical Temple
  4253 | Temple   | Became a worshipper of Trog the Wrathful
  4463 | D:5      | Found Fyreiz's Armour Shoppe.
  4471 | D:5      | Bought a +0 pair of boots for 58 gold pieces
  4671 | D:3      | Reached skill level 5 in Fighting
  4871 | D:3      | Identified the +0 robe "Qostrasa" {Rampage +Inv rN++ Str-5}
  5022 | D:4      | Found a broken altar of Ashenzari.
  5124 | D:4      | Reached XP level 8. HP: 68/68 MP: 8/8
  5264 | D:4      | Found a transporter.
  5271 | D:4      | Noticed Mandevil's ghost (amateur DrWn)
  5272 | D:4      | Found a transporter.
  5704 | D:5      | Noticed Pikel
  5939 | D:5      | Noticed Pikel
  5939 | D:5      | Pikel changed into Pikel the culicivora
  5948 | D:4      | Slain by Pikel the culicivora

Illustrated notes

Levels and vault maps discovered:
D:1:      reono_arrival_mine, layout_basic
D:2:      layout_basic, nicolae_ecumenical_snake_handling
D:3:      layout_loops_cross, mainiacjoe_overflow_alcove_3,
          amcnicky_mini_pool_small, minmay_misc_feat_doors, minivault_5
D:4:      layout_basic, kennysheep_mini_moat, gammafunk_ghost_mausoleum,
          minmay_misc_feat_tower, minmay_misc_feat_cross
D:5:      layout_layer_cave, kennysheep_slug_shrine,
          minmay_temple_entry_antechambers, serial_shops, shop, uniq_grinder,
          uniq_pikel, uniq_edmund
D:6:      layout_basic, nicolae_vehumet_altar_sigil, mainiacjoe_overflow_paths,
          nicolae_grassy_gnolls
Temple:   jpeg_temple_alley_garden

Skill      XL: |  1  2  3  4  5  6  7 |
---------------+----------------------+-----
Axes           | 3 4 5 7 8 |  8.5
Fighting       | 4 5 |  5.0
Armour         | 4 5 |  5.3
Throwing       | 1 2 |  2.3
Dodging        | 1 |  1.3
Shields        | |  3.9

Action                   |  1- 3 |  4- 6 |  7- 9 || total
-------------------------+-------+-------+-------++-------
Melee: War axe           |   119 |    69 |    93 ||   281
Throw: Boomerang         |     2 |    24 |    15 ||    41
       Dart              |       |       |    16 ||    16
Evoke: Wand              |       |       |     3 ||     3
  Use: Scroll            |     2 |     3 |     5 ||    10
       Potion            |     1 |     3 |     2 ||     6
Armor: Scale mail        |    48 |    32 |    42 ||   122
Dodge: Dodged            |    62 |    26 |    54 ||   142
Block: Buckler           |    37 |    13 |    25 ||    75
